 Dungeon Crawl Stone Soup version 0.29.1-1-gd02db6906a (webtiles) character file.

Game seed: 8901420693001458581

6 gzilladon the Chopper (level 1, 0/20 HPs)
             Began as a Hill Orc Monk on Sept 26, 2022.
             Slain by a hobgoblin (1 damage)
             ... on level 1 of the Dungeon.
             The game lasted 00:01:52 (413 turns).

gzilladon the Chopper (Hill Orc Monk)                Turns: 413, Time: 00:01:53

Health: 0/20       AC:  2    Str: 13    XL:     1   Next: 90%
Magic:  1/1        EV: 12    Int: 10    God:
Gold:   37         SH:  0    Dex: 13    Spells: 0/0 levels left

rFire   . . .      SeeInvis .   a - +0 hand axe
rCold   . . .      Faith    .   (no shield)
rNeg    . . .      Spirit   .   b - +0 robe
rPois   .          Reflect  .   (no helmet)
rElec   .          Harm     .   (no cloak)
rCorr   .          Rampage  .   (no gloves)
Will    .....                   (no boots)
Stlth   ++........              (no amulet)
HPRegen 0.06/turn               (no ring)
MPRegen 0.07/turn               (no ring)

@: no status effects
A: no striking features
a: no special abilities


You were on level 1 of the Dungeon.
You visited 1 branch of the dungeon, and saw 1 of its levels.

You collected 37 gold pieces.

Inventory:

Hand Weapons
 a - a +0 hand axe (weapon)
Armour
 b - a +0 robe (worn)
Scrolls
 d - a scroll of teleportation {unknown}
Potions
 c - a potion of ambrosia
 e - a potion of mutation {unknown}


   Skills:
 + Level 3.7 Fighting
 * Level 4.4 Axes
 + Level 2.4 Dodging
 + Level 1.5 Stealth


You couldn't memorise any spells.
You didn't know any spells.
Your spell library contained the following spells:

 Spells                   Type           Power      Damage    Failure   Level
 Gell's Gravitas          Tloc           0%         N/A       75%         3
 Teleport Other           Tloc           0%         N/A       75%         3
 Dispersal                Tloc           0%         N/A       100%        6


Dungeon Overview and Level Annotations

Branches:
Dungeon (1/15)

Altars:


Message History

You open the door.
There is an open door here.
You open the door.
There is an open door here.
As you open the door, it creaks loudly!
There is an open door here.
You now have 37 gold pieces (gained 5).
A hobgoblin comes into view.
A goblin comes into view. It is wielding a +0 club.
A kobold comes into view. It is wielding a +0 club.
The kobold shouts!
The hobgoblin shouts!
The goblin shouts!
The hobgoblin hits you. The hobgoblin hits you.
The kobold hits you with a +0 club.
You hit the kobold.
You kill the kobold!
You hit the hobgoblin.
The hobgoblin hits you but does no damage.
You hit the hobgoblin but do no damage.
The hobgoblin is severely wounded.
The hobgoblin closely misses you.
You hit the hobgoblin but do no damage.
The hobgoblin is severely wounded.
You hit the goblin but do no damage. The hobgoblin hits you.
The goblin barely misses you.
You closely miss the hobgoblin.
The hobgoblin is severely wounded.
You hit the goblin. The hobgoblin closely misses you.
The goblin closely misses you.
You completely miss the goblin.
The goblin is moderately wounded.
You closely miss the hobgoblin. The hobgoblin hits you. The goblin misses you.
The goblin hits you with a +0 club.
* * * LOW HITPOINT WARNING * * *
The hobgoblin completely misses you.
You hit the goblin.
The goblin is severely wounded.
You hit the hobgoblin but do no damage. The goblin hits you with a +0 club.
* * * LOW HITPOINT WARNING * * *
The hobgoblin hits you.
You die...

#...#.#.###.#...##..
......#.#.###.#.#.###.
..#.#.#..>....#.#.#.#'
. #.#.###............[
# #.# #######.#..... #
..# #.#...#. #.#.#
#.###### #.#.#)#
#.#.....
#...g@#########.#.####
#.###g............#
....................#
###.###.###########.#
#.# #.# ... #.# ####
###


You could see a hobgoblin and a goblin.

Vanquished Creatures
  2 endoplasms (D:1)
  2 bats (D:1)
  A kobold (D:1)
  2 rats (D:1)
7 creatures vanquished.

Notes
Turn   | Place    | Note
-------+----------+-------------------------------------------
     0 | D:1      | gzilladon the Hill Orc Monk began the quest for the Orb.
     0 | D:1      | Reached XP level 1. HP: 19/19 MP: 1/1
   413 | D:1      | HP: 1/20 [goblin/+0 club (4)]
   413 | D:1      | Slain by a hobgoblin

Illustrated notes

Levels and vault maps discovered:
D:1:      roderic_crossed_star, layout_basic,
          hellmonk_ecumenical_altar_lost_god, nicolae_hexahallways

Action                   || total
-------------------------++-------
Melee: Hand axe          ||    23
       Punch             ||     1
 Stab: Sleeping          ||     2
Armor: Robe              ||     6
Dodge: Dodged            ||    15
